Map: Protocolo central

Players

xXkazperXx

  • Race: Zerg Zerg
  • League: Bronze

RANURA DE IA (Difícil) - Winner!

  • Race: Zerg Zerg

VOD

Have the link to the VOD?

Description

Time

  • Played on: March 17, 2016, 12:19 a.m.
  • Length: 13:49
Show
View Real Time Build Order
Export as new Build Order

xXkazperXx Zerg 

Build Orders: Pool First, Muta Ling Bane 

Get SALT Encoding   

  12  0:22  Drone, Spawning Pool  
  12  0:35  Drone x2  
  14  0:41  Overlord  
  14  0:51  Extractor  
  14  0:52  Drone  
  14  1:00  Drone  
  15  1:11  Zergling x2  
  16  1:25  Queen  
  18  1:38  Zergling x2  
  19  1:43  Extractor  
  18  1:49  Zergling x2  
  18  1:54  Hatchery  
  18  2:01  Drone  
  19  2:09  Drone  
  20  2:26  Roach Warren, Zergling x2  
  20  2:27  Zergling x2  
  21  2:33  Overlord  
  21  2:47  Lair  
  20  3:33  Baneling Nest, Zergling x2  
  20  3:34  Zergling x8  
  22  3:39  Drone  
  25  3:46  Drone  
  26  4:06  Drone x2  
  28  4:14  Roach  
  30  4:20  Roach  
  32  4:29  Baneling x2  
  32  4:30  Baneling x3  
  32  4:36  Drone  
  33  4:43  Drone  
  34  4:46  Drone  
  35  4:55  Ravager  
  35  4:59  Overlord  
  36  5:17  Drone x3  
  36  5:18  Drone x2  
  41  5:25  Metabolic Boost  
  41  5:33  Hydralisk Den  
  41  5:35  Drone  
  41  5:38  Drone  
  42  5:50  Drone x2  
  42  5:51  Overlord  
  44  5:59  Pneumatized Carapace  
  44  6:11  Hydralisk x2  
  40  6:41  Drone  
  40  6:42  Drone x2  
  40  6:45  Hatchery  
  42  6:53  Burrow  
  42  6:55  Centrifical Hooks  
  42  7:02  Lurker Den  
  42  7:23  Spire  
  41  7:38  Drone x3  
  44  8:04  Drone  
  45  8:16  Drone x3  
  45  8:18  Drone  
  49  8:21  Queen  
  51  8:38  Overlord x4  
  51  9:05  Infestation Pit  
  50  9:19  Drone x3  
  50  9:22  Extractor  
  52  9:26  Mutalisk x3  
  58  9:37  Zerg Flyer Weapons Level 1  
  58  9:39  Muscular Augments  
  58  9:40  Tunneling Claws  
  58  9:52  Spore Crawler  
  58  9:58  Spore Crawler  
  56  10:00  Mutalisk  
  56  10:01  Mutalisk x3  
  66  10:07  Drone x4  
  48  10:34  Zergling x4  
  48  10:35  Zergling x2  
  51  10:37  Hydralisk x2  
  55  10:52  Hatchery  
  55  10:54  Hive  
  54  10:57  Corruptor  
  54  11:02  Overlord x2  
  56  11:08  Lurker  
  57  11:18  Drone x3  
  59  11:20  Drone x2  
  59  11:24  Extractor  
  61  11:27  Overseer  
  61  11:42  Lurker  
  61  11:46  Hydralisk x2  
  61  11:47  Hydralisk  
  68  11:54  Drone x3  
  71  12:17  Drone x2  
  73  12:22  Spore Crawler  
  73  12:27  Spore Crawler  
  71  12:30  Hydralisk x3  
  71  12:31  Mutalisk  
  71  12:35  Drone  
  71  12:36  Drone x2  
  82  13:01  Baneling x3  
  82  13:02  Baneling x3  
  82  13:04  Zergling x4  
  82  13:05  Zergling x2  
  85  13:06  Zergling x4  
  85  13:07  Zergling x2  
  88  13:23  Drone x3  
Show
View Real Time Build Order
Export as new Build Order

RANURA DE IA (Difícil) Zerg - Winner!

Build Orders: Pool First, Zergling Baneling 

Get SALT Encoding   

  12  0:00  Drone  
  13  0:12  Overlord  
  13  0:16  Drone  
  14  0:30  Drone  
  14  0:32  Drone  
  16  0:44  Spawning Pool  
  16  0:45  Drone  
  16  0:50  Drone  
  16  0:52  Extractor  
  16  0:55  Drone  
  17  1:06  Overlord  
  17  1:30  Queen  
  17  1:31  Zergling x2  
  20  1:35  Roach Warren, Zergling x2  
  20  1:38  Drone  
  21  1:43  Extractor  
  20  1:49  Drone  
  20  1:52  Baneling Nest  
  20  2:00  Drone  
  21  2:10  Zergling x2  
  22  2:21  Zergling x2  
  23  2:31  Overlord  
  23  2:36  Baneling  
  23  2:37  Drone, Zergling x2  
  23  2:40  Zergling x2  
  26  2:44  Zergling x2  
  26  2:48  Baneling x3  
  27  2:54  Drone  
  28  3:05  Zergling x2  
  29  3:08  Drone  
  29  3:09  Baneling, Zergling x2  
  29  3:12  Zergling x2  
  31  3:17  Zergling x2  
  32  3:25  Baneling  
  32  3:27  Overlord  
  32  3:38  Zergling x2  
  33  3:42  Zergling x2  
  33  3:44  Drone  
  33  3:45  Baneling  
  33  3:46  Baneling, Zergling x2  
  36  3:49  Baneling x2  
  36  3:50  Baneling  
  36  3:51  Zergling x2  
  37  4:02  Zergling x2  
  38  4:06  Evolution Chamber  
  37  4:12  Drone, Zergling x2  
  37  4:14  Drone  
  37  4:15  Overlord  
  40  4:25  Drone  
  41  4:35  Drone  
  42  4:44  Drone  
  43  4:45  Drone  
  44  5:41  Overlord, Lair, Metabolic Boost  
  44  5:42  Zerg Melee Weapons Level 1  
  44  5:44  Evolution Chamber  
  44  5:45  Drone  
  44  5:51  Hatchery  
  43  6:06  Drone  
  43  6:09  Zerg Ground Armor Level 1  
  44  6:21  Baneling  
  36  6:39  Burrow  
  36  6:43  Spire  
  35  6:50  Spore Crawler  
  35  6:51  Drone  
  35  6:55  Baneling  
  35  6:58  Drone, Spore Crawler  
  35  7:03  Drone  
  35  7:05  Drone  
  35  7:06  Drone  
  35  7:07  Drone  
  39  7:09  Drone  
  39  7:11  Drone, Extractor  
  40  7:17  Drone  
  40  7:20  Drone  
  42  7:24  Drone  
  42  7:26  Drone  
  42  7:28  Drone  
  45  7:31  Drone  
  45  7:33  Drone  
  45  7:35  Drone  
  45  7:36  Zerg Missile Weapons Level 1  
  48  7:38  Drone  
  48  7:40  Drone  
  48  7:43  Drone  
  51  7:47  Overlord  
  51  7:50  Drone  
  52  7:54  Drone, Mutalisk  
  52  7:55  Drone  
  52  7:57  Drone  
  57  8:01  Drone  
  58  8:05  Overseer  
  58  8:06  Overseer  
  58  8:07  Mutalisk  
  58  8:11  Overlord  
  60  8:15  Spine Crawler  
  60  8:18  Mutalisk  
  60  8:19  Spine Crawler  
  60  8:22  Spore Crawler  
  60  8:23  Drone  
  60  8:27  Mutalisk  
  60  8:28  Drone, Spore Crawler  
  60  8:30  Drone  
  60  8:32  Queen  
  60  8:33  Mutalisk  
  67  8:37  Queen  
  67  8:39  Mutalisk  
  71  8:43  Hydralisk Den  
  71  8:46  Infestation Pit  
  69  8:51  Spine Crawler  
  69  8:54  Spine Crawler  
  69  8:55  Drone  
  68  9:23  Extractor  
  67  9:35  Overlord  
  67  9:36  Pneumatized Carapace, Roach, Overseer  
  69  9:40  Roach  
  69  9:44  Hydralisk  
  73  9:47  Hatchery  
  73  9:49  Roach  
  74  9:53  Roach  
  74  9:55  Overlord  
  74  9:57  Roach  
  78  10:01  Hydralisk  
  78  10:05  Hydralisk  
  82  10:10  Roach  
  76  10:15  Overlord, Roach  
  76  10:19  Roach  
  77  10:21  Drone  
  77  10:23  Drone, Roach  
  77  10:27  Roach  
  80  10:29  Muscular Augments  
  80  10:31  Hydralisk  
  80  10:34  Zerg Melee Weapons Level 2  
  82  10:35  Hydralisk  
  82  10:40  Hydralisk  
  86  10:44  Zergling x2  
  86  10:47  Zerg Ground Armor Level 2  
  86  10:48  Infestor  
  89  11:00  Drone  
  89  11:01  Drone  
  89  11:03  Drone  
  92  11:04  Drone  
  92  11:06  Drone  
  92  11:07  Drone  
  92  11:08  Drone  
  92  11:10  Drone  
  97  11:11  Drone  
  97  11:13  Drone, Extractor  
  97  11:14  Drone  
  97  11:16  Drone  
  97  11:17  Drone  
  101  11:20  Overlord  
  101  11:22  Drone  
  101  11:24  Drone  
  103  11:26  Drone  
  103  11:28  Drone  
  103  11:30  Drone  
  103  11:31  Drone  
  107  11:36  Pathogen Glands  
  107  11:39  Glial Reconstitution  
  107  11:42  Zerg Flyer Weapons Level 1  
  107  11:51  Spore Crawler  
  107  11:53  Drone, Spore Crawler  
  106  11:54  Drone  
  106  11:58  Queen  
  106  12:00  Overlord  
  109  12:17  Spine Crawler  
  109  12:18  Drone  
  109  12:19  Spine Crawler  
  109  12:20  Drone  
  109  12:35  Drone, Hive, Extractor  
  109  12:53  Overlord, Corruptor  
  109  12:57  Mutalisk  
  113  13:01  Mutalisk  
  115  13:06  Mutalisk  
  115  13:10  Corruptor  
  119  13:13  Overlord, Overseer  
  119  13:15  Mutalisk  
  121  13:21  Mutalisk  
  119  13:47  Hatchery  
Tags
 
Add a new tag
Caveats
  • Supply blocks, unpowered buildings, or Contaminate may cause inaccurate times.
  • Supply counts are checked every 10 seconds.